 Dungeon Crawl Stone Soup version 0.28-a0-1510-gd0f6b13 (webtiles) character file.

Game seed: 3044198853344879321

37849 Illumine the Frost Mage (level 13, -3/107 HPs)
             Began as a Demigod Ice Elementalist on Jan 14, 2022.
             Engulfed by a cloud of freezing vapour (8 damage)
             ... in an ice cave.
             The game lasted 00:52:35 (17916 turns).

Illumine the Frost Mage (Demigod Ice Elementalist) Turns: 17916, Time: 00:52:36

Health: -3/107     AC: 11    Str:  9    XL:     13   Next: 28%
Magic:  50/50      EV: 12    Int: 47    God:
Gold:   522        SH:  5    Dex: 18    Spells: 12/31 levels left

rFire   + + .      SeeInvis +   a - +9 lance "Wyrmbane" {slay drac, rPois rF+ rC+ AC+3}
rCold   + + .      Faith    .   A - +0 buckler of Latzucwi {Contam rElec rPois Int+9}
rNeg    . . .      Spirit   .   V - +2 robe {rF+}
rPois   +          Reflect  .   S - +3 hat of Pondering {ponderous, Will+ MP+10 Int+5}
rElec   +          Harm     .   (no cloak)
rCorr   .          Rampage  .   b - +0 pair of gloves
Will    +....                   (no boots)
Stlth   ++........              O - amulet of Siebruc Jufo {Regen+ MP+9}
HPRegen 1.07/turn               N - ring "Puifahop" {rPois rC+ Will- Dex+4 SInv}
MPRegen 0.32/turn               H - +4 ring of slaying

@: slow
A: high mp 1, forlorn, divine attributes
a: no special abilities


You were in an ice cave.
You visited 2 branches of the dungeon, and saw 16 of its levels.
You also visited: Sewer, Bailey and Ice Cave.

You collected 2147 gold pieces.
You spent 1625 gold pieces at shops.

Inventory:

Hand Weapons
 a - the +9 lance "Wyrmbane" (weapon) {slay drac, rPois rF+ rC+ AC+3}
   (You bought it in a shop on level 7 of the Dungeon)

   It inflicts extra damage against dragons and draconians.
   AC:        It affects your AC (+3).
   rF:        It protects you from fire.
   rC:        It protects you from cold.
   rPois:     It protects you from poison.
 q - the +6 dagger "Aduarhio" {pain, rC+ Dex+3 Stlth+}
   (You found it on level 4 of the Dungeon)

   In the hands of one skilled in necromantic magic, it inflicts extra damage on
   living creatures.
   Dex:       It affects your dexterity (+3).
   rC:        It protects you from cold.
   Stlth:     It makes you more stealthy.
Armour
 b - a +0 pair of gloves (worn)
 s - the +2 helmet "Gaomuale" {rElec Dex+4 Slay+2 Stlth-}
   (You acquired it on level 3 of the Lair of Beasts)

   Dex:       It affects your dexterity (+4).
   Slay:      It affects your accuracy & damage with ranged weapons and melee
   (+2).
   rElec:     It insulates you from electricity.
   Stlth:     It makes you less stealthy.
 A - the +0 buckler of Latzucwi (worn) {Contam rElec rPois Int+9}
   (You found it on level 4 of the Dungeon)

   Int:       It affects your intelligence (+9).
   rElec:     It insulates you from electricity.
   rPois:     It protects you from poison.
   Contam:    It causes magical contamination when unequipped.
 F - +0 ice dragon scales
 R - +1 fire dragon scales
 S - the +3 hat of Pondering (worn) {ponderous, Will+ MP+10 Int+5}
   (You took it off Gastronok on level 10 of the Dungeon)

   Int:       It affects your intelligence (+5).
   MP:        It affects your magic capacity (+10).
   Will:      It increases your willpower.
 V - a +2 robe of fire resistance (worn)
Magical Staves
 t - a staff of poison
 C - a staff of air
 G - a staff of death
Jewellery
 j - a ring of poison resistance
 n - a +4 ring of evasion
 v - a ring of positive energy
 H - a +4 ring of slaying (right hand)
 N - the ring "Puifahop" (left hand) {rPois rC+ Will- Dex+4 SInv}
   (You acquired it on level 1 of the Lair of Beasts)

   [ring of protection from cold]

   Dex:       It affects your dexterity (+4).
   rC:        It protects you from cold.
   rPois:     It protects you from poison.
   SInv:      It lets you see invisible.
   Will:      It decreases your willpower.
 O - the amulet of Siebruc Jufo (around neck) {Regen+ MP+9}
   (You found it on level 9 of the Dungeon)

   [amulet of regeneration]

   MP:        It affects your magic capacity (+9).
   Regen:     It increases your rate of health regeneration.
 W - an amulet of the acrobat
Wands
 p - a wand of iceblast (1)
 E - a wand of paralysis (8)
 I - a wand of flame (24)
 K - a wand of charming (5)
 U - a wand of acid (4)
 Y - a wand of digging (5)
Scrolls
 f - 3 scrolls of fog
 g - 3 scrolls of fear
 r - a scroll of enchant armour
 x - a scroll of amnesia
 y - a scroll of silence
 D - a scroll of blinking
 J - 2 scrolls of immolation
 L - 4 scrolls of identify
 M - 3 scrolls of teleportation
 Q - a scroll of summoning
 T - a scroll of holy word {unknown}
Potions
 c - 2 potions of ambrosia
 d - a potion of berserk rage
 e - 5 potions of curing
 h - 8 potions of mutation
 i - 3 potions of magic
 k - a potion of heal wounds
 l - 5 potions of might
 m - 4 potions of resistance
 o - a potion of lignification {unknown}
 u - a potion of cancellation {unknown}
 w - 5 potions of haste
 z - a potion of invisibility
 B - 2 potions of brilliance
Miscellaneous
 P - a lightning rod (4/4)
 X - a tin of tremorstones (2/2)
 Z - a phial of floods


   Skills:
 + Level 8.2 Fighting
 * Level 7.9 Polearms
 + Level 5.5 Armour
 - Level 1.8 Dodging
 - Level 1.8 Stealth
 - Level 4.0 Shields
 + Level 9.5 Spellcasting
 + Level 8.4 Conjurations
 - Level 2.1 Summonings
 + Level 3.0 Necromancy
 - Level 10.7 Ice Magic
 + Level 3.3 Evocations


You had 12 spell levels left.
You knew the following spells:

 Your Spells              Type           Power      Damage    Failure   Level
a - Freeze                Ice            100%       1d11      1%          1
b - Frozen Ramparts       Ice            100%       1d12      1%          3
c - Ozocubu's Armour      Ice            89%        N/A       1%          3
d - Hailstorm             Conj/Ice       85%        3d17      1%          4
e - Summon Ice Beast      Ice/Summ       70%        N/A       1%          4
f - Dispel Undead         Necr           50%        3d19      4%          4

Your spell library contained the following spells:

 Spells                   Type           Power      Damage    Failure   Level
 Foxfire                  Conj/Fire      100%       2x1d9     1%          1
 Static Discharge         Conj/Air       58%        N/A       1%          2
 Sublimation of Blood     Necr           50%        N/A       1%          2
 Conjure Flame            Conj/Fire      58%        6-21      1%          3
 Blink                    Tloc           44%        N/A       2%          2
 Flame Wave               Conj/Fire      58%        2d9       2%          4
 Iskenderun's Mystic Bla  Conj/Tloc      58%        2d12      2%          4
 Sticky Flame             Conj/Fire      58%        2d7       2%          4
 Inner Flame              Hex/Fire       22%        N/A       4%          3
 Lesser Beckoning         Tloc           22%        N/A       4%          3
 Irradiate                Conj/Tmut      29%        3d23      7%          5
 Cause Fear               Hex            11%        N/A       14%         4
 Petrify                  Tmut/Erth      22%        N/A       14%         4
 Summon Mana Viper        Hex/Summ       32%        N/A       26%         5
 Monstrous Menagerie      Summ           21%        N/A       99%         7
 Discord                  Hex            11%        N/A       100%        8


Dungeon Overview and Level Annotations

Branches:
Dungeon (10/15)            Temple (0/1) D:5            Lair (6/6) D:10
 Shoals (0/4) Lair:2       Spider (0/4) Lair:4        Slime (0/5) Lair:5
  Sewer (visited)          Bailey (visited)           IceCv (1/1)
    Orc: D:9-12

Shops:
D:7 (

Annotations:
D:6 exclusion: oklob plant
Lair:2 2 transporters, NobodyHome's ghost, journeyman GnEn
Lair:3 2 transporters, Reanuypn's ghost, adept MiBe
Lair:4 2 transporters, Eloasex's ghost, journeyman DsTm


Innate Abilities, Weirdness & Mutations

You have an increased reservoir of magic. (+10% MP)
You shall have no god before yourself.
Your divine heritage dramatically boosts your attributes as you level up.


Message History

Aiming: Corrosive Bolt
Press: ? - help, Shift-Dir - straight line, f - reaper
Aim: a reaper, wielding a +0 scythe of freezing, wearing a +1 robe of cold resistance and wearing a ring of protection from cold (74% to hit)
The bolt of acid hits the reaper.
The reaper is lightly wounded.
Unknown command.
The reaper hits you from afar with a +0 scythe of freezing!!!
The reaper freezes you.
The reaper draws a finger across its throat.
The reaper hits you from afar with a +0 scythe of freezing!!
* * * LOW HITPOINT WARNING * * *
The reaper freezes you.
* * * LOW HITPOINT WARNING * * *
The reaper hits you with a +0 scythe of freezing!
* * * LOW HITPOINT WARNING * * *
The reaper freezes you.
* * * LOW HITPOINT WARNING * * *
Casting: Ozocubu's Armour (safe; 1% risk of failure)
Confirm with . or Enter, or press ? or * to list all spells.
Okay, then.
Casting: Ozocubu's Armour (safe; 1% risk of failure)
Confirm with . or Enter, or press ? or * to list all spells.
You can't see any susceptible monsters within range! (Use Z to cast anyway.)
Casting: Ozocubu's Armour (safe; 1% risk of failure)
Confirm with . or Enter, or press ? or * to list all spells.
Aiming: Dispel Undead (dangerous; 4% risk of failure)
Press: ? - help, Shift-Dir - straight line, f - you, p - reaper
Okay, then.
Unknown command.
Unknown command.
Unknown command.
Blink to where?
Press: ? - help, Dir - move target, p - reaper
As you read the scroll of blinking, it crumbles to dust.
You are engulfed in freezing vapours.
You resist.
* * * LOW HITPOINT WARNING * * *
You are engulfed in freezing vapours.
You resist.
* * * LOW HITPOINT WARNING * * *
You are engulfed in freezing vapours.
You resist.
You die...

##...## ....# #...##
##### ...# ##...#
##☼§.###..# ##...#
##§☼§...§..# ##...##
#°☼§2☼.##....
#...######§○.°###.....
#..##☼§§#§.§≈.#§......
##..#§☼☼§§#.....##..##
##..@##§####....##..
#..##### ###.......
#....# ###....
#........ ##
#..........
#.............
##..........#.
..........##
##........##


There were no monsters in sight!

Vanquished Creatures
  Gastronok (D:10)
  An orc warlord (Bailey)
  A minotaur (Lair:1)
  Snorg (Lair:5)
  An ice dragon (Lair:6)
  2 boulder beetles
  2 hydras
  A death yak (Lair:5)
  Sonja (Lair:4)
  A necromancer (Lair:4)
  A manticore (Lair:2)
  3 elephants (Lair:6)
  2 black mambas
  5 cane toads
  2 komodo dragons
  A rime drake (Lair:5)
  3 ice devils (IceCv)
  4 polar bears
  A wind drake (Lair:2)
  A hornet (D:8)
  3 blink frogs (Lair:5)
  A meliai zombie (D:10)
  5 dream sheep (Lair:5)
  A jumping spider (Lair:4)
  A wyvern (Lair:4)
  58 yaks
  2 basilisks
  A steam dragon (D:7)
  11 water moccasins
  Duvessa (D:4)
  8 orc warriors
  8 ice beasts
  A black bear (D:4)
  3 necrophages
  2 ogres
  31 wolves
  2 centaurs
  Blork the orc (D:4)
  9 bullfrogs
  A wyvern zombie (D:8)
  4 kobold brigands
  3 scorpions
  A two-headed ogre simulacrum (IceCv)
  2 cane toad simulacra (IceCv)
  A water moccasin zombie (D:6)
  Dowan (D:4)
  An elephant simulacrum (IceCv)
  11 killer bees
  10 wights
  4 howler monkeys
  3 electric eels
  2 centaur zombies
  A lava snake (D:9)
  A bullfrog zombie (D:5)
  5 hounds
  6 orc priests
  7 jellies
  2 gnoll shamans
  A bullfrog skeleton (D:6)
  A centaur skeleton (D:6)
  An iguana (D:5)
  8 orc wizards
  3 polar bear simulacra (Lair:4)
  A troll simulacrum (IceCv)
  A spriggan simulacrum (IceCv)
  2 yak simulacra (Lair:4)
  2 wolf simulacra (Lair:4)
  2 hound zombies (D:5)
  Robin (D:3)
  A howler monkey skeleton (D:7)
  A howler monkey zombie (D:6)
  9 gnolls
  10 adders
  A naga simulacrum (IceCv)
  3 river rats (Sewer)
  4 white imps
  5 ufetubi
  5 worms
  A dart slug (D:1)
  17 orcs
  15 ball pythons
  6 endoplasms
  8 giant cockroaches
  21 goblins
  11 hobgoblins
  38 kobolds
  A quokka (D:2)
  5 bats
  3 frilled lizards
  23 rats
  3 river rat simulacra (Lair:4)
464 creatures vanquished.

Vanquished Creatures (collateral kills)
  A hydra (Lair:3)
  2 two-headed ogres (D:9)
  An elephant (Lair:6)
  A blink frog (Lair:5)
  A yak (D:10)
  3 ice beasts (D:10)
  2 wights
  A howler monkey (D:9)
  A wolf simulacrum (Lair:4)
  A gnoll (Bailey)
  A white imp (IceCv)
  A goblin (D:10)
  A kobold (Bailey)
17 creatures vanquished.

Vanquished Creatures (others)
  26 fungi
  50 plants
76 creatures vanquished.

Grand Total: 557 creatures vanquished

Notes
Turn   | Place    | Note
-------+----------+-------------------------------------------
     0 | D:1      | Illumine the Demigod Ice Elementalist began the quest for
                  | the Orb.
     0 | D:1      | Reached XP level 1. HP: 14/14 MP: 5/5
   249 | D:1      | Reached XP level 2. HP: 20/20 MP: 4/7
   287 | D:1      | Reached skill level 4 in Ice Magic
  1006 | D:1      | Reached XP level 3. HP: 25/26 MP: 2/9
  1399 | D:1      | Learned a level 3 spell: Frozen Ramparts
  1723 | D:2      | Reached XP level 4. HP: 14/33 MP: 3/10
  2457 | D:3      | Noticed Robin
  2502 | D:3      | Killed Robin
  2560 | D:3      | You fall into a shaft and drop 1 floor!
  2560 | D:4      | Noticed Duvessa
  2560 | D:4      | Noticed Dowan
  2564 | D:4      | Killed Duvessa
  2565 | D:4      | Reached skill level 5 in Ice Magic
  2565 | D:4      | Reached XP level 5. HP: 36/38 MP: 5/13
  2565 | D:4      | Killed Dowan
  2570 | D:4      | Noticed Blork the orc
  2580 | D:4      | Killed Blork the orc
  2581 | D:4      | Reached XP level 6. HP: 19/45 MP: 1/15
  2670 | D:4      | Identified the +6 dagger "Aduarhio" {pain, rC+ Dex+3
                  | Stlth+}
  2914 | D:4      | Found a glowing drain.
  3009 | D:4      | Reached skill level 6 in Ice Magic
  3014 | D:4      | Learned a level 3 spell: Ozocubu's Armour
  3088 | Sewer    | Entered a sewer
  3145 | Sewer    | Reached XP level 7. HP: 50/50 MP: 8/17
  3555 | Sewer    | Reached skill level 5 in Spellcasting
  4061 | D:4      | Identified the +0 buckler of Latzucwi {Contam rElec rPois
                  | Int+9}
  4332 | D:4      | Learned a level 4 spell: Hailstorm
  4333 | D:5      | Entered Level 5 of the Dungeon
  4406 | D:5      | Reached skill level 1 in Fighting
  4406 | D:5      | Reached skill level 1 in Shields
  4406 | D:5      | Reached skill level 1 in Conjurations
  4406 | D:5      | Reached skill level 7 in Ice Magic
  4692 | D:5      | Found a staircase to the Ecumenical Temple.
  4904 | D:5      | Reached XP level 8. HP: 47/59 MP: 12/20
  4998 | D:5      | Found Zin's Purification Station.
  5006 | D:5      | Bought a potion of curing for 90 gold pieces
  6436 | D:6      | Reached XP level 9. HP: 70/70 MP: 14/22
  6566 | D:6      | Noticed an oklob plant
  7568 | D:7      | Reached skill level 8 in Ice Magic
  7665 | D:7      | Got Sif Muna's Volume of Orientation
  7681 | D:7      | Found Xannikhli's Antique Weapon Shop.
  9350 | D:8      | Learned a level 4 spell: Summon Ice Beast
  9801 | D:8      | Reached skill level 1 in Polearms
 10360 | D:9      | Noticed a two-headed ogre
 10373 | D:9      | Killed a two-headed ogre
 10374 | D:9      | Reached skill level 1 in Summonings
 10374 | D:9      | Reached XP level 10. HP: 49/80 MP: 11/24
 10695 | D:9      | Identified the amulet of Siebruc Jufo {Regen+ MP+9}
 10764 | D:9      | Reached skill level 5 in Conjurations
 10774 | D:9      | Reached skill level 5 in Fighting
 11049 | D:9      | Noticed a two-headed ogre
 11069 | D:9      | Killed a two-headed ogre
 11118 | D:10     | Entered Level 10 of the Dungeon
 11135 | D:10     | Reached skill level 9 in Ice Magic
 11141 | D:10     | Noticed Gastronok
 11327 | D:10     | Found a flagged portal.
 11365 | Bailey   | Entered a bailey
 11386 | Bailey   | Noticed an orc warlord
 11460 | Bailey   | Found a runed translucent gate.
 11462 | Bailey   | Found a runed translucent gate.
 11464 | Bailey   | Found a runed translucent gate.
 11620 | Bailey   | Killed an orc warlord
 11621 | Bailey   | Reached XP level 11. HP: 24/89 MP: 25/27
 11749 | Bailey   | Acquired 1013 gold pieces
 11865 | D:7      | Bought the +8 lance "Wyrmbane" {slay drac, rPois rF+ rC+
                  | AC+3} for 1535 gold pieces
 11865 | D:7      | Found the +8 lance "Wyrmbane" {slay drac, rPois rF+ rC+
                  | AC+3}
 12121 | D:10     | Killed Gastronok
 12122 | D:10     | Reached skill level 1 in Armour
 12225 | D:10     | Found a staircase to the Lair.
 12346 | Lair:1   | Entered Level 1 of the Lair of Beasts
 12643 | Lair:1   | Noticed a boulder beetle
 12672 | Lair:1   | Killed a boulder beetle
 13024 | Lair:1   | Found a runed translucent door.
 13053 | Lair:1   | Noticed a minotaur
 13068 | Lair:1   | HP: 2/91 [minotaur (28)]
 13070 | Lair:1   | Killed a minotaur
 13076 | Lair:1   | Acquired the ring "Puifahop" {rPois rC+ Will- Dex+4 SInv}
 13718 | Lair:2   | Reached skill level 5 in Polearms
 13723 | Lair:2   | Reached skill level 10 in Ice Magic
 13853 | Lair:2   | Noticed a seven-headed hydra
 13867 | Lair:2   | Killed a seven-headed hydra
 13959 | Lair:2   | Found a staircase to the Shoals.
 13986 | Lair:2   | Found a transporter.
 13986 | Lair:2   | Found a transporter.
 13994 | Lair:2   | Noticed NobodyHome's ghost (journeyman GnEn)
 13996 | Lair:2   | Noticed a spriggan rider
 14018 | Lair:2   | Noticed a spriggan rider
 14476 | Lair:3   | Reached XP level 12. HP: 88/100 MP: 29/29
 14742 | Lair:3   | Noticed a seven-headed hydra
 14748 | Lair:3   | Killed a seven-headed hydra
 14791 | Lair:3   | Acquired the +2 helmet "Gaomuale" {rElec Dex+4 Slay+2
                  | Stlth-}
 14811 | Lair:3   | Noticed an eight-headed hydra
 14819 | Lair:3   | Killed an eight-headed hydra
 14866 | Lair:3   | Noticed a four-headed hydra
 14869 | Lair:3   | Noticed a catoblepas
 14872 | Lair:3   | Noticed Reanuypn's ghost (adept MiBe)
 14908 | Lair:3   | Found a transporter.
 14916 | Lair:3   | Found a transporter.
 15316 | Lair:4   | Found a hole to the Spider Nest.
 15338 | Lair:4   | Noticed Sonja
 15351 | Lair:4   | Killed Sonja
 15478 | Lair:4   | Noticed Eloasex's ghost (journeyman DsTm)
 15479 | Lair:4   | Found a transporter.
 15540 | Lair:4   | Found a transporter.
 15922 | Lair:4   | Reached skill level 1 in Evocations
 16169 | Lair:5   | Learned a level 4 spell: Dispel Undead
 16306 | Lair:5   | Reached skill level 1 in Necromancy
 16463 | Lair:5   | Found a staircase to the Slime Pits.
 16682 | Lair:5   | Noticed Snorg
 16699 | Lair:5   | HP: 2/101 [blink frog (9)]
 16700 | Lair:5   | Killed Snorg
 16904 | Lair:5   | Reached skill level 5 in Armour
 17217 | Lair:6   | Entered Level 6 of the Lair of Beasts
 17237 | Lair:6   | Noticed a boulder beetle
 17247 | Lair:6   | Reached XP level 13. HP: 80/107 MP: 30/30
 17470 | Lair:6   | Found a frozen archway.
 17552 | IceCv    | Entered an ice cave
 17903 | IceCv    | Noticed a reaper
 17915 | IceCv    | HP: 4/107 [something (7)]
 17916 | IceCv    | Engulfed by a cloud of freezing vapour

Illustrated notes

Levels and vault maps discovered:
D:1:      dpeg_arrival_stone_temple_mockup, layout_loops_ring, minmay_vboxes
D:2:      layout_rooms, shapermc_ecumenical_altar_ellora, minmay_tetromino_i4
D:3:      layout_rooms, uniq_robin
D:4:      layout_cave_pools, cheibrodos_sewer_entry_sluice,
          chequers_decorated_corner, uniq_blork_the_orc, uniq_duvessa
D:5:      layout_basic, zin_purify, minmay_temple_entry_statues_fountains
D:6:      minmay_octagon_keep, layout_rooms, tgw_fedhas, slow_altar_1,
          kennysheep_minor_cross
D:7:      layout_rooms, serial_shops, nicolae_lakefront_shop,
          roderic_roman_lattice, hangedman_decor_peaks_small,
          kennysheep_generic_room_12
D:8:      layout_basic, okawaru_gym_becter, amcnicky_altar_gilded,
          grunt_tough_drop
D:9:      layout_cave_pods, nemelex_diamond_rough_becter,
          nicolae_uskayaw_suspiria
D:10:     minmay_twisted_water, layout_loops_ring,
          mainiacjoe_overflow_concentric_impassable,
          mainiacjoe_overflow_catwalk, enter_bailey_5,
          amcnicky_mini_corridor_feature, minivault_14, uniq_gastronok
Lair:1:   dreamdust_labyrinth, layout_loops_ring, basic_altar,
          nzn_sisyphean_effort, serial_bayou_shore_a
Lair:2:   layout_cave_shapes, minmay_shoals_entry_beasts,
          gammafunk_ghost_wrathful_warriors, columned_hall_lemuel
Lair:3:   layout_roguey, gammafunk_ghost_arena, infiniplex_staircase_pool_2,
          lemuel_fruit_tree
Lair:4:   layout_gridlike, spider_nest_entry_a, gammafunk_ghost_arena,
          minmay_holes, eino_house_with_fridge, uniq_sonja
Lair:5:   layout_roguey, dpeg_slime_entry_corner, serial_bayou_pond_c,
          st_stairs_8, grunt_forest_large_clearings, uniq_snorg
Lair:6:   minmay_lair_end_enchanted_forest, layout_loops_ring,
          portal_ice_cave_entry_animals_and_master,
          chequers_serial_rivers_room_b, grunt_megastairs_2
IceCv:    ice_cave_small_demon

Skill      XL: |  1  2  3  4  5  6  7  8  9 10 11 12 13 |
---------------+----------------------------------------+-----
Ice Magic      | 4 5 6 7 8 9 10 | 10.7
Spellcasting   | 2 3 4 5 6 7 8 9 |  9.5
Fighting       | 1 3 4 6 7 8 |  8.2
Shields        | 1 3 4 |  4.0
Conjurations   | 1 3 4 6 7 8 |  8.4
Polearms       | 1 3 5 7 |  7.9
Summonings     | 1 2 |  2.1
Armour         | 3 5 |  5.5
Evocations     | 2 3 |  3.3
Necromancy     | 2 3 |  3.0
Dodging        | |  1.8
Stealth        | |  1.8

Action                   |  1- 3 |  4- 6 |  7- 9 | 10-12 | 13-15 || total
-------------------------+-------+-------+-------+-------+-------++-------
Melee: Unarmed           |     5 |       |       |       |       ||     5
       War axe           |     5 |    13 |       |       |       ||    18
       Club              |       |     8 |   154 |    17 |       ||   179
       Quarterstaff      |       |    13 |    26 |       |       ||    39
       Hand axe          |       |       |       |    40 |       ||    40
       Lance             |       |       |       |   252 |    99 ||   351
 Cast: Freeze            |    61 |    20 |   100 |   121 |       ||   302
       Frozen Ramparts   |     2 |    15 |    55 |    77 |     5 ||   154
       Ozocubu's Armour  |       |     1 |     1 |    14 |     5 ||    21
       Hailstorm         |       |       |     8 |    28 |    10 ||    46
       Summon Ice Beast  |       |       |     4 |    24 |     2 ||    30
Evoke: Wand              |       |       |    10 |     2 |     1 ||    13
  Use: Potion            |       |     1 |     1 |     4 |       ||     6
       Scroll            |       |       |     5 |    19 |     1 ||    25
 Stab: Sleeping          |       |     1 |     2 |     3 |       ||     6
       Distracted        |       |       |       |     1 |       ||     1
Armor: Robe              |     7 |     8 |    83 |   134 |    44 ||   276
Dodge: Dodged            |    48 |    41 |   265 |   315 |    44 ||   713
Block: Buckler           |       |       |    73 |    99 |    12 ||   184

Table legend: (Time is in decaauts)
 A = Elapsed time spent in this place.
 B = Non-inter-level travel time spent in this place.
 C = Inter-level travel time spent in this place.
 D = Time resting spent in this place.
 E = Time spent auto-exploring this place.
 F = Levels seen in this place.
 G = Mean time per level.
                   A        B        C        D        E       F      G
               +--------+--------+--------+--------+--------+-----+--------+
         Total |  18309 |  17635 |    674 |   4110 |   9443 |  19 |  963.6 |
       Dungeon |  11204 |  10708 |    496 |   2800 |   5679 |  10 | 1120.4 |
          Lair |   5508 |   5330 |    178 |    796 |   3343 |   6 |  918.0 |
         Sewer |    840 |    840 |      0 |    191 |    416 |   1 |  840.0 |
        Bailey |    401 |    401 |      0 |    104 |      3 |   1 |  401.0 |
      Ice Cave |    354 |    354 |      0 |    219 |      0 |   1 |  354.0 |
               +--------+--------+--------+--------+--------+-----+--------+

Top non-repeatable levels by time:
     D:6: 1931 daAuts
     D:8: 1868 daAuts
     D:1: 1368 daAuts
  Lair:1: 1342 daAuts
  Lair:5: 1289 daAuts
     D:5: 1132 daAuts
     D:9: 1049 daAuts
     D:7: 1007 daAuts
  Lair:4: 994 daAuts
     D:4: 942 daAuts
     D:2: 907 daAuts
  Lair:3: 901 daAuts
   Sewer: 840 daAuts
  Lair:2: 828 daAuts
    D:10: 705 daAuts
